Map: Crimson Court LE

Players

DESTRUCTOR - Winner!

  • Race: Terran Terran
  • League: Gold
  • Spawn Location: 7:00

Chase

  • Race: Terran Terran
  • League: Gold
  • Spawn Location: 1:00

VOD

Have the link to the VOD?

Description

Time

  • Played on: Nov. 24, 2024, 2:07 a.m.
  • Length: 8:52
Show
View Real Time Build Order
Export as new Build Order

DESTRUCTOR Terran - Winner!

Build Orders:  

Get SALT Encoding   

  12  0:02  SCV  
  13  0:22  SCV  
  14  0:34  SCV  
  14  0:35  Supply Depot  
  15  0:57  SCV  
  15  1:01  Barracks  
  15  1:02  Barracks  
  16  1:12  SCV  
  17  1:21  Supply Depot  
  17  1:24  SCV  
  18  1:36  SCV  
  19  1:55  Marine  
  19  1:56  Marine  
  21  2:05  Barracks  
  21  2:06  Barracks  
  20  2:13  Marine x2  
  22  2:31  Marine x2  
  23  2:49  Marine x2  
  25  3:00  Supply Depot  
  25  3:02  Supply Depot  
  25  3:07  Marine x2  
  25  3:11  Marine x2  
  27  3:25  Marine x2  
  29  3:28  Marine  
  29  3:29  Marine  
  29  3:33  Supply Depot  
  30  3:39  Supply Depot  
  29  3:42  Marine x2  
  29  3:46  Marine x2  
  33  4:00  Marine x2  
  35  4:04  Marine x2  
  36  4:18  Marine x2  
  36  4:22  Marine x2  
  39  4:36  Marine x2  
  41  4:40  Marine  
  41  4:44  Barracks  
  42  4:45  Barracks  
  42  4:47  Marine  
  43  4:54  Marine x2  
  43  4:57  Marine  
  43  5:04  Marine  
  44  5:11  Marine  
  44  5:12  Marine  
  46  5:15  Marine  
  45  5:22  Marine  
  46  5:29  Marine x2  
  46  5:33  Marine  
  49  5:39  Supply Depot, Marine  
  49  5:40  Marine  
  49  5:42  Supply Depot  
  51  5:47  Marine x2  
  53  5:51  Marine  
  54  5:57  Marine  
  54  5:58  Marine  
  56  6:05  Marine x2  
  56  6:09  Marine  
  59  6:15  Marine  
  59  6:16  Marine  
  61  6:23  Marine x2  
  63  6:26  Marine  
  58  6:33  Marine x2  
  51  6:40  Marine  
  51  6:41  Marine  
  53  6:48  Marine  
  53  6:50  Marine  
  53  6:51  Marine  
  56  6:58  Marine x2  
  58  7:06  Marine  
  45  7:08  Marine  
  45  7:09  Marine  
  43  7:16  Marine x2  
  45  7:24  Marine  
  45  7:26  Marine  
  45  7:27  Marine  
  48  7:34  Marine x2  
  50  7:41  Marine  
  49  7:44  Marine  
  49  7:45  Marine  
  48  7:52  Marine x2  
  43  7:59  Marine  
  43  8:02  Marine x2  
  43  8:10  Marine x2  
  45  8:16  Marine  
  45  8:17  Marine  
  45  8:19  Marine  
  46  8:20  Marine  
  48  8:27  Marine x2  
  48  8:34  Marine  
Show
View Real Time Build Order
Export as new Build Order

Chase Terran 

Build Orders:  

Get SALT Encoding   

  12  0:00  SCV  
  13  0:16  Supply Depot  
  13  0:18  SCV  
  14  0:30  SCV  
  15  0:40  Barracks  
  15  0:42  Refinery  
  15  0:45  SCV  
  16  0:57  SCV  
  17  1:09  SCV  
  18  1:21  SCV  
  19  1:26  Barracks Reactor  
  19  1:35  Orbital Command  
  19  1:52  Command Center  
  19  2:02  SCV  
  19  2:04  Marine  
  21  2:14  SCV  
  22  2:15  Marine  
  22  2:21  Supply Depot  
  21  2:37  Marine x2  
  22  2:47  Barracks  
  22  2:55  Marine  
  22  3:06  Marine  
  21  3:24  Marine  
  22  3:42  Marine  
  22  3:44  Barracks Reactor  
  23  4:00  Marine  
  23  4:01  Factory  
  21  4:16  Marine  
  22  4:18  Marine  
  22  4:34  Marine  
  22  4:35  Marine  
  24  4:47  Hellion  
  24  4:52  Marine  
  27  4:53  Marine  
  23  5:10  Marine  
  24  5:20  Barracks Reactor  
  24  5:23  Hellion  
  24  5:27  SCV, Marine  
  28  5:39  SCV  
  28  5:41  Orbital Command  
  29  5:44  Hellion  
  29  5:59  Marine x3  
  30  6:06  Hellion  
  32  6:16  Marine  
  32  6:17  Marine x2  
  35  6:27  Hellion  
  35  6:34  Marine  
  35  6:35  Marine  
  37  6:48  Hellion  
  37  6:49  Orbital Command  
  39  6:54  Barracks Reactor  
  34  7:10  Hellion  
  34  7:19  Marine x2  
  36  7:26  SCV x2  
  38  7:31  Hellion  
  38  7:35  Refinery, Starport  
  40  7:37  Marine x4  
  40  7:38  SCV x2  
  46  7:54  Marine  
  46  7:55  SCV, Marine x2  
  46  7:57  Hellion  
  39  7:59  Orbital Command  
  31  8:18  Hellion  
  29  8:21  Marine x4  
Tags
 
League
GoldGold
Matchup
TvT
Race
Terran
Spawn Locations
Cross Positions
Add a new tag
Caveats
  • Supply blocks, unpowered buildings, or Contaminate may cause inaccurate times.
  • Supply counts are checked every 10 seconds.